 Dungeon Crawl Stone Soup version 0.28.0-45-g0d030f2227 (webtiles) character file.

Game seed: 2086883283621765351

14345 Revguard the Covert (level 11, -10/64 HPs)
             Began as a Vampire Ice Elementalist on Apr 13, 2022.
             Was a Priest of Dithmenos.
             Mangled by a death knight
             ... wielding a +0 great mace
              (26 damage)
             ... on level 10 of the Dungeon.
             The game lasted 00:54:06 (10250 turns).

Revguard the Covert (Vampire Ice Elementalist)     Turns: 10250, Time: 00:54:06

Health: -10/64     AC:  7    Str:  7    XL:     11   Next: 87%
Magic:  12/23      EV: 21    Int: 17    God:    Dithmenos [***...]
Gold:   519        SH:  0    Dex: 20    Spells: 5/26 levels left

rFire   . . .      SeeInvis +   i - +1 dagger (venom)
rCold   + + .      Faith    .   (no shield)
rNeg    + + +      Spirit   .   m - +1 robe of the Miller {rPois rCorr Stlth+}
rPois   ∞          Reflect  .   h - +0 helmet
rElec   .          Harm     .   g - +1 cloak
rCorr   +          Rampage  .   w - +0 pair of gloves
Will    +....                   (no boots) Stlth **++++++++
                                j - amulet of regeneration
HPRegen 0.00/turn               l - +4 ring of evasion
MPRegen 0.18/turn               p - +4 ring of slaying

@: bloodless, inhibited regen, wreathed by umbra
A: bloodless, fangs 3, see invisible, vampiric 2
a: Bat Form, Revivify, Renounce Religion, Shadow Step


You were on level 10 of the Dungeon.
You worshipped Dithmenos.
Dithmenos was most pleased with you.
You visited 2 branches of the dungeon, and saw 12 of its levels.

You collected 519 gold pieces.

Inventory:

Hand Weapons
 c - a +0 vampiric short sword
 i - a +1 dagger of venom (weapon)
 q - a +1 dagger of freezing
 t - a +2 scimitar of flaming
 v - a +1 dagger of electrocution
 C - a +4 dagger
Armour
 g - a +1 cloak (worn)
 h - a +0 helmet (worn)
 m - the +1 robe of the Miller (worn) {rPois rCorr Stlth+}
   (You found it on level 4 of the Dungeon)

   rPois:     It protects you from poison.
   rCorr:     It protects you from acid and corrosion.
   Stlth:     It makes you more stealthy.
 w - a +0 pair of gloves (worn)
Jewellery
 j - an amulet of regeneration (around neck)
 l - a +4 ring of evasion (left hand)
 p - a +4 ring of slaying (right hand)
 y - an amulet of the acrobat
Wands
 z - a wand of polymorph (6)
Scrolls
 a - 6 scrolls of fog
 b - 4 scrolls of noise
 k - 4 scrolls of teleportation
 n - a scroll of silence
 r - 4 scrolls of enchant armour
 u - a scroll of magic mapping
 x - a scroll of enchant weapon
 B - 2 scrolls of blinking
 D - a scroll of fear
Potions
 d - 3 potions of brilliance
 e - 2 potions of haste
 f - 2 potions of attraction
 o - 3 potions of lignification
 s - 2 potions of curing
 A - a potion of heal wounds


   Skills:
 + Level 5.7 Fighting
 + Level 6.6 Short Blades
 - Level 2.7 Armour
 + Level 7.3 Dodging
 + Level 11.8 Stealth
 * Level 8.4 Spellcasting
 + Level 8.2 Hexes
 + Level 5.4 Necromancy
 + Level 7.5 Ice Magic
 + Level 2.6 Invocations


You had 5 spell levels left.
You knew the following spells:

 Your Spells              Type           Power      Damage    Failure   Level
b - Frozen Ramparts       Ice            64%        1d8       1%          3
c - Ozocubu's Armour      Ice            32%        N/A       1%          3
d - Silence               Hex/Air        10%        N/A       45%         5
e - Agony                 Necr           25%        N/A       30%         5
f - Excruciating Wounds   Necr           12%        N/A       30%         5

Your spell library contained the following spells:

 Spells                   Type           Power      Damage    Failure   Level
 Freeze                   Ice            100%       1d11      1%          1
 Dazzling Flash           Conj/Hex       42%        N/A       5%          3
 Portal Projectile        Hex/Tloc       42%        N/A       5%          3
 Beastly Appendage        Tmut           14%        N/A       10%         1
 Sandblast                Erth           14%        2d6       10%         1
 Passwall                 Tmut/Erth      5%         N/A       16%         2
 Wereblood                Tmut           7%         N/A       16%         2
 Hailstorm                Conj/Ice       20%        3d6       22%         4
 Spider Form              Tmut/Pois      7%         N/A       30%         3
 Stone Arrow              Conj/Erth      14%        3d7       30%         3
 Summon Lightning Spire   Summ/Air       7%         N/A       69%         4
 Blade Hands              Tmut           3%         N/A       95%         5
 Storm Form               Tmut/Air       3%         N/A       100%        7
 Maxwell's Capacitive Co  Air            3%         ∞         100%        8


Dungeon Overview and Level Annotations

Branches:
Dungeon (11/15)            Temple (1/1) D:5            Lair (0/6) D:11
    Orc (0/2) D:11

Altars:
Ashenzari
Cheibriados
Dithmenos
Elyvilon
Fedhas
Gozag
Hepliaklqana
Kikubaaqudgha
Makhleb
Nemelex Xobeh
Okawaru
Qazlal
Ru
Sif Muna
Trog
Uskayaw
Vehumet
Wu Jian
Xom
Yredelemnul
Zin
The Shining One

Portals:
Trove: D:10 (give +2 gold dragon scales)


Innate Abilities, Weirdness & Mutations

You do not regenerate when monsters are visible.
You are frail without blood (-20% HP).
You can heal yourself when you bite living creatures.
You are immune to poison.
You have razor-sharp teeth.
You have supernaturally acute eyesight. (SInv)
You are afflicted with vampirism and can become a bat while bloodless.


Message History

The death knight is poisoned.
You punch the death knight, but do no damage.
Your bite misses the death knight.
The death knight offers itself to Yredelemnul, and fills with unholy energy.
The death knight reflects your damage back at you!
The death knight reflects your damage back at you!
The death knight reflects your damage back at you!
The death knight's dark mirror aura disappears.
The death knight reflects your damage back at you!
Casting: Frozen Ramparts (safe; 1% risk of failure)
Confirm with . or Enter, or press ? or * to list all spells.
A film of ice covers your body! The death knight completely misses you.
Casting: Ozocubu's Armour (safe; 1% risk of failure)
Confirm with . or Enter, or press ? or * to list all spells.
Casting: Frozen Ramparts (safe; 1% risk of failure)
Press: ? - help, Dir - look around, f - activate This square is wreathed by an umbra.
The walls around you are covered in ice.
The wall freezes the death knight!
The death knight hits you with a +0 great mace!!
You hit the death knight but do no damage.
The death knight looks even sicker.
The death knight is lightly wounded.
You barely miss the death knight.
The death knight is moderately wounded.
The wall freezes the death knight!
The death knight barely misses you.
You hit the death knight but do no damage.
The death knight looks as sick as possible!
The death knight is moderately wounded.
The wall freezes the death knight!
The death knight hits you with a +0 great mace!!
* * * LOW HITPOINT WARNING * * *
You hit the death knight.
The death knight looks as sick as possible!
The death knight is heavily wounded.
Your icy armour and frozen ramparts will break if you move.
Continue?
Your icy armour cracks and falls away as you move.
The frozen ramparts melt away as you move.
The death knight hits you with a +0 great mace!!
You die...

### #.# ####.####
#.......## #..#.....###
### ####...#....#.#
#.###..#..####..#.##
...#......###..#.p.####
...##....##.....@#.##.##
....#.....#.######.....#
.............# ##......#
.......##.##.###.......#
..............##......##
...........#####.......#
..................>...###
.............(#.........##
..........#####..........#


You could see a death knight (very poisoned).

Vanquished Creatures
  Erica (D:8)
  2 two-headed ogres
  Pikel (D:9)
  A phantasmal warrior (D:10)
  A cyclops (D:11)
  Maurice (D:8)
  Psyche (D:8)
  2 kobold demonologists (D:7)
  4 trolls
  A hornet (D:9)
  Prince Ribbit (D:5)
  Sigmund (D:4)
  19 yaks
  A wraith (D:11)
  A steam dragon (D:9)
  3 vampire mosquitoes (D:10)
  2 water moccasins
  A black bear (D:7)
  A hornet zombie (D:5)
  6 orc warriors
  5 sky beasts
  2 necrophages
  2 centaurs
  3 ogres
  A lemure (D:9)
  2 phantoms
  2 bullfrogs (D:9)
  5 kobold brigands (D:7)
  A gnoll sergeant (D:9)
  3 scorpions
  A wyvern skeleton (D:7)
  4 killer bees (D:9)
  5 wights (D:6)
  2 howler monkeys
  2 jellies
  6 centaur zombies
  A centaur skeleton (D:7)
  4 orc priests
  4 hounds
  3 iguanas
  13 orc wizards
  2 howler monkey zombies (D:10)
  7 gnolls
  A howler monkey skeleton (D:7)
  5 adders
  A white imp (D:6)
  An ufetubus (D:5)
  An adder skeleton (D:4)
  2 worms
  A dart slug (D:1)
  34 orcs
  7 endoplasms
  A giant cockroach (D:1)
  7 goblins
  5 hobgoblins
  3 quokkas
  5 ball pythons
  8 bats
  2 frilled lizards (D:3)
  10 kobolds
  8 rats
233 creatures vanquished.

Vanquished Creatures (others)
  11 fungi (D:11)
  12 plants (D:11)
23 creatures vanquished.

Grand Total: 256 creatures vanquished

Notes
Turn   | Place    | Note
-------+----------+-------------------------------------------
     0 | D:1      | Revguard the Vampire Ice Elementalist began the quest for
                  | the Orb.
     0 | D:1      | Reached XP level 1. HP: 13/13 MP: 3/3
   281 | D:1      | Reached XP level 2. HP: 9/17 MP: 0/5
  1359 | D:2      | Gained mutation: You are afflicted with vampirism and can
                  | become a bat while bloodless. [Vampire growth]
  1359 | D:2      | Reached XP level 3. HP: 17/20 MP: 6/6
  1486 | D:2      | Noticed a scorpion
  1504 | D:2      | Killed a scorpion
  1505 | D:2      | Reached skill level 1 in Fighting
  1505 | D:2      | Reached skill level 1 in Short Blades
  1505 | D:2      | Reached XP level 4. HP: 19/19 MP: 6/8
  1524 | D:2      | Learned a level 3 spell: Frozen Ramparts
  1528 | D:2      | Learned a level 3 spell: Ozocubu's Armour
  1897 | D:2      | Reached skill level 1 in Armour
  1958 | D:2      | You fall into a shaft and drop 1 floor!
  1974 | D:3      | Found an opulent altar of Gozag.
  2057 | D:3      | Reached skill level 4 in Stealth
  2263 | D:3      | Reached XP level 5. HP: 22/22 MP: 9/9
  2705 | D:3      | Found a faded altar of an unknown god.
  3294 | D:4      | Found an ancient bone altar of Kikubaaqudgha.
  3297 | D:4      | Reached XP level 6. HP: 34/34 MP: 10/10
  3343 | D:4      | Reached skill level 5 in Stealth
  3358 | D:4      | Identified the +1 robe of the Miller {rPois rCorr Stlth+}
  3632 | D:4      | Found a radiant altar of Vehumet.
  3714 | D:4      | Noticed Sigmund
  3718 | D:4      | Killed Sigmund
  3719 | D:4      | Reached XP level 7. HP: 40/40 MP: 12/12
  3725 | D:4      | Learned a level 5 spell: Silence
  4256 | D:5      | Entered Level 5 of the Dungeon
  4352 | D:5      | Found a sparkling altar of Nemelex Xobeh.
  4355 | D:5      | Noticed Prince Ribbit
  4373 | D:5      | Killed Prince Ribbit
  4374 | D:5      | Reached skill level 6 in Stealth
  4374 | D:5      | Reached skill level 1 in Hexes
  4602 | D:5      | Found a staircase to the Ecumenical Temple.
  4620 | Temple   | Entered the Ecumenical Temple
  4766 | Temple   | Became a worshipper of Dithmenos the Shadowed
  4822 | D:5      | Reached skill level 5 in Ice Magic
  4880 | D:5      | Reached XP level 8. HP: 45/45 MP: 14/14
  4905 | D:5      | Reached skill level 7 in Stealth
  4987 | D:5      | Noticed a two-headed ogre
  4996 | D:5      | Killed a two-headed ogre
  4997 | D:5      | Reached skill level 8 in Stealth
  4997 | D:5      | Reached skill level 5 in Spellcasting
  5029 | D:5      | Learned a level 5 spell: Agony
  5497 | D:6      | Noticed a troll
  5501 | D:6      | Killed a troll
  5502 | D:6      | Reached XP level 9. HP: 51/51 MP: 16/16
  5651 | D:6      | Reached skill level 1 in Necromancy
  5933 | D:6      | Reached * piety under Dithmenos
  5934 | D:6      | Reached skill level 9 in Stealth
  6002 | D:6      | Identified the +8 mace of Wuale {vorpal, rC+ Str+3 Int+3}
  6276 | D:6      | Reached skill level 5 in Dodging
  6553 | D:7      | Noticed a kobold demonologist
  6571 | D:7      | Noticed a rust devil
  6576 | D:7      | Killed a kobold demonologist
  6577 | D:7      | Reached skill level 5 in Hexes
  6580 | D:7      | Noticed a kobold demonologist
  6585 | D:7      | Noticed a soul eater
  6589 | D:7      | Killed a kobold demonologist
  7217 | D:7      | Reached skill level 10 in Stealth
  7217 | D:7      | Reached XP level 10. HP: 55/56 MP: 19/19
  7456 | D:8      | Reached ** piety under Dithmenos
  7502 | D:8      | Noticed Erica
  7528 | D:8      | Killed Erica
  7529 | D:8      | Reached skill level 5 in Short Blades
  7599 | D:8      | Found a snail-covered altar of Cheibriados.
  7632 | D:8      | Learned a level 5 spell: Excruciating Wounds
  7664 | D:8      | Noticed Maurice
  7669 | D:8      | Noticed Psyche
  7689 | D:8      | Killed Psyche
  7695 | D:8      | Killed Maurice
  7807 | D:8      | Noticed a +0 dagger
  7807 | D:8      | Noticed a +0 hand axe
  7838 | D:8      | Found a shimmering blue altar of Sif Muna.
  8035 | D:8      | Found a hide-covered altar of Uskayaw.
  8181 | D:9      | Found a blossoming altar of Fedhas.
  8831 | D:9      | Noticed Pikel
  8851 | D:9      | Killed Pikel
  8852 | D:9      | Reached skill level 5 in Fighting
  8852 | D:9      | Reached skill level 1 in Invocations
  8852 | D:9      | Reached XP level 11. HP: 40/63 MP: 16/22
  8918 | D:9      | Found an ornate altar of the Wu Jian Council.
  9068 | D:10     | Entered Level 10 of the Dungeon
  9070 | D:10     | Found a portal to a secret trove of treasure.
  9088 | D:10     | Reached skill level 11 in Stealth
  9139 | D:10     | Reached *** piety under Dithmenos
  9708 | D:11     | Found a staircase to the Orcish Mines.
  9732 | D:11     | Reached skill level 5 in Necromancy
  9857 | D:11     | Noticed a two-headed ogre
  9866 | D:11     | Killed a two-headed ogre
  9927 | D:11     | Found a staircase to the Lair.
 10030 | D:11     | Noticed a red ugly thing
 10031 | D:11     | Noticed a phantasmal warrior
 10031 | D:11     | Noticed a phantasmal warrior
 10102 | D:11     | Noticed a death knight
 10169 | D:10     | Killed a phantasmal warrior
 10250 | D:10     | Mangled by a death knight

Illustrated notes

Levels and vault maps discovered:
D:1:      psy_arrival_spokes, layout_basic
D:2:      layout_basic
D:3:      layout_loops_cross, grunt_gozag_breadcrumbs,
          shapermc_ecumenical_altar_mp_highgroup, cheibrodos_gnoll_hut
D:4:      minmay_door_path, layout_loops_corners,
          mainiacjoe_overflow_tiny_flanked, nicolae_vehumet_altar_sigil,
          minmay_fractal_squares_5, uniq_sigmund
D:5:      layout_loops_corners, mainiacjoe_overflow_chevrons, temple_pool_b,
          minmay_small_thing, uniq_prince_ribbit1
D:6:      layout_loops_cross, minmay_misc_feat_hallway,
          minmay_misc_feat_ornament, kennysheep_generic_room_7
D:7:      layout_basic
D:8:      layout_rooms, lemuel_crystal_altar, cheibriados_altar_1,
          dancing_weapons_uskayaw, uniq_psyche, uniq_erica, uniq_maurice
D:9:      minmay_flawed_box, layout_irregular_city,
          mainiacjoe_overflow_alcove_2, fedhas_altar_3, uniq_pikel
D:10:     layout_cave_pools, nicolae_trove_entry_crossroad
D:11:     layout_grid_maze, grunt_lair_entry_orc_guard_hut, david_orc_2
Temple:   oiseaux_autumnal_temple

Skill      XL: |  1  2  3  4  5  6  7  8  9 10 11 |
---------------+----------------------------------+-----
Fighting       | 1 2 3 4 5 |  5.7
Short Blades   | 1 2 3 4 5 6 |  6.6
Armour         | 1 2 |  2.7
Stealth        | 4 5 6 8 10 11 | 11.8
Dodging        | 3 4 5 6 7 |  7.3
Spellcasting   | 3 4 5 6 7 8 |  8.4
Hexes          | 2 3 5 7 8 |  8.2
Ice Magic      | 5 6 7 |  7.5
Necromancy     | 2 4 5 |  5.4
Invocations    | 1 2 |  2.6

Action                   |  1- 3 |  4- 6 |  7- 9 | 10-12 || total
-------------------------+-------+-------+-------+-------++-------
Melee: Dagger            |    71 |    33 |    94 |   252 ||   450
       Unarmed           |     1 |       |       |       ||     1
       Bite              |    10 |    14 |    27 |    40 ||    91
       Punch             |     1 |     3 |    11 |     4 ||    19
       Short sword       |       |   119 |   104 |    74 ||   297
 Cast: Freeze            |     9 |       |     1 |       ||    10
       Frozen Ramparts   |       |     1 |     6 |    20 ||    27
       Ozocubu's Armour  |       |       |     6 |    20 ||    26
       Agony             |       |       |       |     1 ||     1
       Silence           |       |       |       |     1 ||     1
Invok: Shadow Step       |       |       |       |     2 ||     2
 Abil: Exsanguinate      |     3 |       |     1 |       ||     4
       Revivify          |     2 |       |     1 |       ||     3
  Use: Scroll            |     2 |     6 |     4 |     5 ||    17
       Potion            |     2 |     1 |     2 |     2 ||     7
 Stab: Sleeping          |     4 |    19 |    26 |    31 ||    80
       Distracted        |       |       |       |     3 ||     3
Armor: Robe              |    21 |    24 |    24 |    58 ||   127
Dodge: Dodged            |    57 |    96 |   131 |   289 ||   573
